 Dungeon Crawl Stone Soup version 0.27.1-35-g4d5d836560 (webtiles) character file.

Game seed: 10403645842225727678

455 cbfl8 the Covered (level 6, -6/53 HPs)
             Began as a Minotaur Fighter on Mar 25, 2022.
             Mangled by Duvessa (10 damage)
             ... on level 5 of the Dungeon.
             The game lasted 00:05:43 (4933 turns).

cbfl8 the Covered (Minotaur Fighter)                Turns: 4933, Time: 00:05:43

Health: -6/53      AC:  7    Str: 22    XL:     6   Next: 76%
Magic:  5/5        EV:  8    Int:  5    God:
Gold:   195        SH: 12    Dex: 10    Spells: 5/5 levels left

rFire    . . .     SeeInvis .   y - -3 double sword
rCold    . . .     Faith    +   m - +2 kite shield
rNeg     . . .     Spirit   .   b - +0 scale mail
rPois    .         Reflect  .   (helmet restricted)
rElec    .         Harm     .   (no cloak)
rCorr    .         Rampage  .   (no gloves)
Will     .....                  (no boots)
Stlth    ..........             f - amulet of faith
HPRegen  0.17/turn              n - ring of flight
MPRegen  0.09/turn              (no ring)

@: mighty, lethally poisoned (-6 -> -7), flying
A: horns 2, retaliatory headbutt
a: no special abilities


You were on level 5 of the Dungeon.
You visited 1 branch of the dungeon, and saw 5 of its levels.

You collected 197 gold pieces.
You spent 2 gold pieces at shops.

Inventory:

Hand Weapons
 a - a +0 war axe
 p - a +0 battleaxe
 u - a +0 vampiric hand axe
 y - a -3 double sword (weapon)
 z - a -2 executioner's axe
Missiles
 x - a throwing net (quivered)
Armour
 b - a +0 scale mail (worn)
 c - a +0 kite shield
 g - a +0 tower shield
 m - a +2 kite shield (worn)
Jewellery
 f - an amulet of faith (around neck)
 n - a ring of flight (left hand)
Scrolls
 h - 3 scrolls of teleportation {unknown}
 j - a scroll of blinking {unknown}
 k - a scroll of fear {unknown}
 l - a scroll of identify {unknown}
 q - a scroll of amnesia {unknown}
 r - a scroll of fog {unknown}
 w - a scroll of immolation {unknown}
Potions
 d - a potion of might
 e - a potion of attraction {unknown}
 i - a potion of curing {unknown}
 o - a potion of lignification {unknown}
 s - 2 potions of flight {unknown}
 t - a potion of haste {unknown}
 v - a potion of invisibility {unknown}


   Skills:
 + Level 4.7 Fighting
 + Level 5.4 Axes
 + Level 5.6 Armour
 + Level 1.4 Dodging
 + Level 0.2 Stealth
 + Level 5.2 Shields


You had 5 spell levels left.
You didn't know any spells.
Your spell library contained the following spells:

 Spells                   Type           Power      Damage    Failure   Level
 Sandblast                Erth           0%         2d4       99%         1
 Passwall                 Tmut/Erth      0%         N/A       100%        2
 Lee's Rapid Deconstruct  Erth           0%         3d5*      100%        5


Dungeon Overview and Level Annotations

Branches:
Dungeon (5/15)
 Temple: D:4-7

Altars:

Shops:
D:1 !   D:4 (   D:5 *

Annotations:
D:5 Dowan, Duvessa


Innate Abilities, Weirdness & Mutations

You have a pair of horns on your head.
You reflexively headbutt those who attack you in melee.


Message History

Dowan shouts!
Duvessa, Sister of Dowan comes into view.
She is wielding a +0 short sword.
Dowan says, "My weaknesses are her strengths!"
Dowan gestures at you while chanting. You block the puff of flame.
Dowan hits you with a +5 dagger of venom!
You are poisoned.
You closely miss Dowan.
You feel very sick.
Dowan points at Duvessa and mumbles some strange words.
Duvessa seems to speed up.
You hit Duvessa. Your headbutt misses Duvessa.
Duvessa is lightly wounded.
You feel very sick. You block Duvessa's attack.
Duvessa hits you with a +0 short sword. You block Dowan's attack.
You hit Duvessa but do no damage. You headbutt Duvessa.
Duvessa is moderately wounded.
You feel sick. Duvessa completely misses you.
Duvessa hits you but does no damage.
Dowan says, "My weaknesses are her strengths!"
Dowan points at you and mumbles some strange words.
The puff of frost misses you.
Duvessa says, "Where magic fails, the sword succeeds!"
You block Duvessa's attack. Dowan gestures at you while chanting.
The puff of frost hits you!
Okay, then.
You feel very mighty all of a sudden.
You feel sick. Duvessa hits you with a +0 short sword!
* * * LOW HITPOINT WARNING * * *
You block Dowan's attack.
You barely miss Duvessa.
Duvessa is moderately wounded.
You feel sick. You block Duvessa's attack.
Duvessa hits you with a +0 short sword!
* * * LOW HITPOINT WARNING * * *
Dowan closely misses you. You furiously retaliate!
You headbutt Dowan! Duvessa hits you with a +0 short sword!
You die...

##.# #..# ...
#... #..##
###..# .###.
.... ##..###...#
..# ###.....#
.... #.#...###
##....
####....##......
###..........
###........
####@####..#
#..ee# # #...##
#.#..# #.##.#
#####.# e# ..
#..


You could see Duvessa (fast) and Dowan.

Vanquished Creatures
  Sigmund (D:2)
  A necrophage (D:4)
  A phantom (D:4)
  A scorpion (D:4)
  An adder (D:2)
  3 worms
  2 dart slugs (D:2)
  12 ball pythons
  7 endoplasms
  4 giant cockroaches
  7 goblins
  7 hobgoblins
  4 jackals (D:1)
  2 quokkas
  3 bats
  3 frilled lizards (D:1)
  5 kobolds
  4 rats
68 creatures vanquished.

Notes
Turn   | Place    | Note
-------+----------+-------------------------------------------
     0 | D:1      | cbfl8 the Minotaur Fighter began the quest for the Orb.
     0 | D:1      | Reached XP level 1. HP: 19/19 MP: 0/0
   284 | D:1      | Reached XP level 2. HP: 25/27 MP: 1/1
   506 | D:1      | Found Xeezuyt's Distillery.
   879 | D:1      | Reached XP level 3. HP: 28/33 MP: 2/2
  1227 | D:2      | Noticed Sigmund
  2133 | D:2      | Reached XP level 4. HP: 38/40 MP: 3/3
  2273 | D:2      | Killed Sigmund
  2274 | D:2      | Reached XP level 5. HP: 20/47 MP: 4/4
  2925 | D:3      | Found a faded altar of an unknown god.
  3722 | D:4      | Reached skill level 5 in Armour
  3722 | D:4      | Reached skill level 1 in Dodging
  3722 | D:4      | Reached XP level 6. HP: 15/53 MP: 5/5
  4048 | D:4      | Reached skill level 5 in Axes
  4048 | D:4      | Reached skill level 5 in Shields
  4707 | D:4      | Found Fiexyty's Weapon Shop.
  4825 | D:5      | Entered Level 5 of the Dungeon
  4836 | D:5      | Found Moqaih's Lightly-Used Armoury.
  4842 | D:5      | Bought a -3 double sword for 1 gold piece
  4842 | D:5      | Bought a -2 executioner's axe for 1 gold piece
  4918 | D:5      | Noticed Dowan
  4918 | D:5      | Noticed Duvessa
  4933 | D:5      | Mangled by Duvessa

Illustrated notes

Levels and vault maps discovered:
D:1:      minmay_arrival_plants_in_alcoves, layout_basic, serial_shops, shop
D:2:      minmay_evil_eye, layout_basic, uniq_sigmund
D:3:      layout_basic, shapermc_ecumenical_altar_mp_highgroup,
          minmay_misc_feat_plants, serial_park_tiny_1, nicolae_underground_beach
D:4:      layout_basic, serial_shops, kennysheep_mini
D:5:      layout_layer_cave, minmay_shop_damaged, minmay_misc_feat_enclosed,
          chequers_arboretum, minivault_1, grunt_decor_arrowhead, minivault_24,
          uniq_ijyb, uniq_duvessa, uniq_edmund

Skill      XL: |  1  2  3  4  5  6 |
---------------+-------------------+-----
Shields        | 4 5 |  5.2
Fighting       | 4 |  4.7
Armour         | 4 5 |  5.6
Axes           | 3 4 5 |  5.4
Dodging        | 1 |  1.4
Stealth        | |  0.2

Action                   |  1- 3 |  4- 6 || total
-------------------------+-------+-------++-------
Melee: War axe           |    96 |    78 ||   174
       Headbutt          |    13 |    10 ||    23
       Double sword      |       |     4 ||     4
  Use: Potion            |       |     3 ||     3
Armor: Scale mail        |    45 |    25 ||    70
Dodge: Dodged            |    27 |    25 ||    52
Block: Kite shield       |    22 |    61 ||    83
       Tower shield      |    73 |       ||    73
